 Dungeon Crawl Stone Soup version 0.27-a0-695-gb4952372f7 (webtiles) character file.

Game seed: 5218158081146555513

52 Bapho the Slasher (level 3, -2/33 HPs)
             Began as a Draconian Monk on Mar 22, 2021.
             Slain by Sigmund
             ... wielding a +0 scythe
              (8 damage)
             ... on level 3 of the Dungeon.
             The game lasted 00:02:56 (1960 turns).

Bapho the Slasher (Draconian Monk)                  Turns: 1960, Time: 00:02:56

Health: -2/33      AC:  6    Str: 13    XL:     3   Next: 60%
Magic:  3/3        EV: 13    Int: 10    God:
Gold:   153        SH:  0    Dex: 14    Spells: 2/2 levels left

rFire    . . .     SeeInvis .   a - +0 falchion
rCold    . . .     Faith    .   (no shield)
rNeg     . . .     Spirit   .   (armour unavailable)
rPois    .         Reflect  .   (helmet restricted)
rElec    .         Harm     .   (no cloak)
rCorr    .         Rampage  .   (no gloves)
Will     .....                  f - +0 pair of boots
Stlth    +.........             (no amulet)
HPRegen  0.11/turn              (no ring)
MPRegen  0.08/turn              (no ring)

@: confused
A: AC +5, unfitting armour, cold-blooded, mutation resistance 1, no potion heal
1
a: no special abilities


You were on level 3 of the Dungeon.
You visited 1 branch of the dungeon, and saw 3 of its levels.

You collected 153 gold pieces.

Inventory:

Hand Weapons
 a - a +0 falchion (weapon)
Missiles
 c - 33 stones (quivered)
Armour
 f - a +0 pair of boots (worn)
Scrolls
 b - a scroll of blinking {unknown}
 d - a scroll of immolation {unknown}
 e - a scroll of teleportation {unknown}
 g - a scroll of magic mapping {unknown}
 h - a scroll of holy word {unknown}


   Skills:
 + Level 3.8 Fighting
 * Level 3.9 Long Blades
 + Level 3.1 Dodging
 - Level 1.7 Stealth


You had 2 spell levels left.
You didn't know any spells.
Your spell library was empty.

Dungeon Overview and Level Annotations

Branches:
Dungeon (3/15)

Altars:

Annotations:
D:3 Sigmund


Innate Abilities, Weirdness & Mutations

Your plain brown scales are hard. (AC +5)
You cannot fit into any form of body armour.
You are cold-blooded and may be slowed by cold attacks.
You are somewhat resistant to further mutation.
Potions are less effective at restoring your health.


Message History

Deactivating autopickup; reactivate with Ctrl-A.
You throw a stone. The stone barely misses the kobold.
You throw a stone. The stone hits the kobold.
The kobold is moderately wounded.
You hit the kobold.
The kobold is severely wounded.
The kobold hits you but does no damage.
You barely miss the kobold.
You tail-slap the kobold, but do no damage.
The kobold is severely wounded.
The kobold hits you with a +1 short sword of protection.
You hit the kobold but do no damage.
Your tail-slap misses the kobold.
The kobold is heavily wounded.
The kobold closely misses you.
You closely miss the kobold.
Your tail-slap misses the kobold.
The kobold is heavily wounded.
Something hits you.
The kobold hits you with a +1 short sword of protection.
The kobold barely misses you. Something hits you but does no damage.
You closely miss the kobold.
The kobold is heavily wounded.
Something hits you but does no damage. The kobold hits you but does no damage.
You hit the kobold.
You kill the kobold!
Something hits you!
You hear some strange, mumbled words.
You are confused.
You hear some strange, mumbled words.
A puff of flame appears from out of thin air!
The puff of flame misses you.
Found a stone staircase leading up.
Something hits you.
* * * LOW HITPOINT WARNING * * *
Things that are here:
a +1 short sword of protection; 8 gold pieces; a kobold corpse Something hits you.
* * * LOW HITPOINT WARNING * * *
You see here 3 stones.
Something hits you!
You die...

## #.# ... .## #.####
..# ..# #.... #.# #
#.#####.#.#######..# ..
#.##....#.........##....
........†....†..((((..(.
#...........†..####.(((.
..#†...............(....
.<.............(@{......
............###.#.......
.##...####...##..###....
....### #......... ##.
.###### ######..#..<
......####### #........
.###......... .........
.##..#####... .#### ...
###.## # #.#


There were no monsters in sight!

Vanquished Creatures
  2 adders (D:2)
  2 worms (D:2)
  A dart slug (D:1)
  A leopard gecko (D:2)
  3 giant cockroaches
  2 goblins (D:2)
  A quokka (D:2)
  5 bats
  3 frilled lizards
  3 kobolds
  6 rats
29 creatures vanquished.

Notes
Turn   | Place    | Note
-------+----------+-------------------------------------------
     0 | D:1      | Bapho the Draconian Monk began the quest for the Orb.
     0 | D:1      | Reached XP level 1. HP: 19/19 MP: 1/1
   611 | D:2      | Reached XP level 2. HP: 26/26 MP: 2/2
   621 | D:2      | Gained mutation: Potions are less effective at restoring
                  | your health. [potion of mutation]
   621 | D:2      | Gained mutation: You are weak. (Str -2) [potion of
                  | mutation]
   621 | D:2      | Lost mutation: You are weak. (Str -2) [potion of mutation]
   621 | D:2      | Gained mutation: You are somewhat resistant to further
                  | mutation. [potion of mutation]
  1157 | D:2      | Reached XP level 3. HP: 33/33 MP: 3/3
  1844 | D:3      | Noticed Sigmund
  1960 | D:3      | Slain by Sigmund

Illustrated notes

Levels and vault maps discovered:
D:1:      mrwooster_arrival_statue_3, layout_basic,
          minmay_misc_feat_more_columns
D:2:      layout_loops_cross
D:3:      minmay_octagon_keep, layout_rooms, uniq_natasha, uniq_sigmund,
          uniq_grinder

Skill      XL: |  1  2 |
---------------+-------+-----
Dodging        | 3 |  3.1
Fighting       | |  3.8
Long Blades    | |  3.9
Stealth        | |  1.7

Action                   || total
-------------------------++-------
Melee: Falchion          ||    85
       Tailslap          ||     9
Throw: Stone             ||    87
  Use: Scroll            ||     1
       Potion            ||     1
Armor: Skin              ||    23
Dodge: Dodged            ||    53
       Rpst.: Falchion   ||    12

Table legend: (Time is in decaauts)
 A = Elapsed time spent in this place.
 B = Non-inter-level travel time spent in this place.
 C = Inter-level travel time spent in this place.
 D = Time resting spent in this place.
 E = Time spent auto-exploring this place.
 F = Levels seen in this place.
 G = Mean time per level.
                   A        B        C        D        E       F      G
               +--------+--------+--------+--------+--------+-----+--------+
         Total |   1979 |   1899 |     80 |     13 |   1613 |   3 |  659.7 |
       Dungeon |   1979 |   1899 |     80 |     13 |   1613 |   3 |  659.7 |
               +--------+--------+--------+--------+--------+-----+--------+

Top non-repeatable levels by time:
     D:2: 1147 daAuts
     D:1: 608 daAuts
     D:3: 223 daAuts
